 Dungeon Crawl Stone Soup version 0.29.1-15-g9cfb28693d (webtiles) character file.

Game seed: 8274684010890832685

52 Cheops the Poker (level 3, 0/27 HPs)
             Began as a Merfolk Gladiator on Mar 25, 2023.
             Slain by a gnoll
             ... wielding a +0 flail
              (6 damage)
             ... on level 2 of the Dungeon.
             The game lasted 00:02:13 (1194 turns).

Cheops the Poker (Merfolk Gladiator)                Turns: 1194, Time: 00:02:14

Health: 0/27       AC:  4    Str: 16    XL:     3   Next: 85%
Magic:  3/3        EV: 10    Int:  7    God:
Gold:   103        SH:  0    Dex: 15    Spells: 2/2 levels left

rFire   . . .      SeeInvis .   a - +0 trident
rCold   . . .      Faith    .   (no shield)
rNeg    . . .      Spirit   .   b - +0 leather armour
rPois   .          Reflect  .   c - +0 helmet
rElec   .          Harm     .   (no cloak)
rCorr   .          Rampage  .   (no gloves)
Will    .....                   (no boots)
Stlth   +.........              (no amulet)
HPRegen 0.09/turn               (no ring)
MPRegen 0.08/turn               (no ring)

@: hasted, constricted, very quick
A: (nimble swimmer 2), mertail
a: no special abilities


You were on level 2 of the Dungeon.
You visited 1 branch of the dungeon, and saw 2 of its levels.

You collected 103 gold pieces.

Inventory:

Hand Weapons
 a - a +0 trident (weapon)
 k - a +0 glaive
Missiles
 d - 3 throwing nets (quivered)
 e - a javelin
Armour
 b - a +0 leather armour (worn)
 c - a +0 helmet (worn)
Jewellery
 h - a ring of flight
Scrolls
 g - 2 scrolls of identify
 j - a scroll of fog
Potions
 l - a potion of cancellation {unknown}


   Skills:
 - Level 2.1 Fighting
 + Level 6.2 Polearms
 - Level 2.0 Throwing
 - Level 4.0 Dodging


You had 2 spell levels left.
You didn't know any spells.
Your spell library contained the following spells:

 Spells                   Type           Power      Damage    Failure   Level
 Ensorcelled Hibernation  Hex/Ice        0%         N/A       65%         2
 Spider Form              Tmut/Pois      0%         N/A       86%         3
 Anguish                  Hex/Necr       0%         N/A       99%         4


Dungeon Overview and Level Annotations

Branches:
Dungeon (2/15)

Altars:


Innate Abilities, Weirdness & Mutations

((You are very nimble when in or above water. (Stealth+, EV+, Speed+++)))
Your lower body shifts to a powerful aquatic tail in water.


Message History

The ball python closely misses you.
The ball python attacks as you move away!
The ball python barely misses you.
The ball python attacks as you move away!
The ball python completely misses you. The ball python closely misses you.
The gnoll attacks as you move away! The gnoll closely misses you.
You see here a bat corpse.
The gnoll attacks as you move away! The gnoll misses you.
The ball python closely misses you. The ball python grabs you.
The ball python constricts you.
You escape the ball python's grasp.
The gnoll attacks as you move away! The gnoll misses you.
The gnoll attacks as you move away! The gnoll hits you with a +0 club.
* * * LOW HITPOINT WARNING * * *
The gnoll attacks as you move away! The gnoll misses you.
The ball python attacks as you move away!
The ball python closely misses you. The ball python closely misses you.
The ball python barely misses you.
The ball python attacks as you move away!
The ball python misses you. The ball python completely misses you.
There is a stone staircase leading up here.
The ball python closely misses you. The ball python grabs you.
You stop ascending the stairs.
The ball python constricts you.
* * * LOW HITPOINT WARNING * * *
The ball python barely misses you. The ball python constricts you.
* * * LOW HITPOINT WARNING * * *
Unknown command.
It was a potion of curing.
You feel better. The ball python barely misses you.
The ball python constricts you.
* * * LOW HITPOINT WARNING * * *
It was a potion of haste.
You feel yourself speed up. The ball python barely misses you.
The ball python constricts you. The gnoll hits you but does no damage.
The gnoll hits you with a +0 club.
* * * LOW HITPOINT WARNING * * *
The ball python's grasp on you weakens, but your attempt to escape fails.
The ball python bites you but does no damage.
The ball python constricts you.
* * * LOW HITPOINT WARNING * * *
The gnoll hits you with a +0 flail.
You die...

###### #..... #....######
#..... #.........# #...).
#.........# #.....
##.##[....# #...<.
#####.##.....# #..... #####
#......#.....# #.....
#...###..........†.###.....
#.........@g...............
#...###..gS..#.....###.#...
#...# #...gg.#.....# #.....
###.###......#...... ...#..
#..##......##.#...#####..
##..#......##...### #..
##.##.##..##.### ###...
#.##.#......# #.....
#.##...#.#..# #.....


You could see 4 gnolls and a ball python.

Vanquished Creatures
  An adder (D:2)
  A worm (D:2)
  4 bats
  6 endoplasms
  4 giant cockroaches
  3 goblins
  2 hobgoblins (D:2)
  2 kobolds (D:1)
  3 quokkas
  6 frilled lizards
  7 rats
39 creatures vanquished.

Notes
Turn   | Place    | Note
-------+----------+-------------------------------------------
     0 | D:1      | Cheops the Merfolk Gladiator began the quest for the Orb.
     0 | D:1      | Reached XP level 1. HP: 16/16 MP: 1/1
    87 | D:1      | Found a faded altar of an unknown god.
    99 | D:1      | Reached XP level 2. HP: 22/22 MP: 2/2
   234 | D:1      | Reached skill level 5 in Polearms
   634 | D:1      | Reached XP level 3. HP: 27/27 MP: 3/3
  1089 | D:2      | Reached skill level 6 in Polearms
  1194 | D:2      | Slain by a gnoll

Illustrated notes

Levels and vault maps discovered:
D:1:      lightli_arrival_boilingwater, layout_loops_ring,
          shapermc_ecumenical_altar_notcrosses
D:2:      layout_rooms, minmay_misc_feat_tower, serial_park_tiny_2

Skill      XL: |  1  2  3 |
---------------+----------+-----
Polearms       | 5 6 |  6.2
Fighting       | |  2.1
Throwing       | |  2.0
Dodging        | |  4.0

Action                   || total
-------------------------++-------
Melee: Trident           ||   104
  Use: Potion            ||     2
       Scroll            ||     1
 Stab: Sleeping          ||     6
Armor: Leather armour    ||    22
Dodge: Dodged            ||    81
